 Dungeon Crawl Stone Soup version 0.25-a0-930-g9f5dfa9815 (webtiles) character file.

Game seed: 3195994214306086940, levelgen mode: classic

98 Amnesiac the Chiller (level 4, -1/33 HPs)
             Began as a Ghoul Ice Elementalist on May 4, 2020.
             Slain by Purgy (3 damage)
             ... in a sewer.
             The game lasted 00:03:49 (1254 turns).

Amnesiac the Chiller (Ghoul Ice Elementalist)       Turns: 1254, Time: 00:03:50

Health: -1/33      AC:  3    Str: 11    XL:     4   Next: 69%
Magic:  0/6        EV: 12    Int: 11    God:
Gold:   91         SH:  0    Dex:  9    Spells: 4/8 levels left

rFire    . . .     SeeInvis .   a - +0 hunting sling
rCold    + . .     Gourm    .   (no shield)
rNeg     + + +     Faith    .   l - +0 robe
rPois    ∞         Spirit   .   e - +0 helmet
rElec    .         Reflect  .   (no cloak)
rCorr    .         Harm     .   (no gloves)
MR       .....                  (no boots)
Stlth    ++........             (no amulet)
HPRegen  0.00/turn              (no ring)
MPRegen  0.10/turn              (no ring)

@: rotting
A: rotting body, claws 1, carnivore, cold resistance 1, negative energy
resistance 3, inhibited regeneration, torment resistance, unbreathing
a: no special abilities


You were in a sewer.
You were not hungry.

You visited 1 branch of the dungeon, and saw 4 of its levels.
You also visited: Sewer.

You collected 91 gold pieces.

Inventory:

Hand Weapons
 a - a +0 hunting sling (weapon)
Missiles
 b - 57 stones (quivered)
Armour
 e - a +0 helmet (worn)
 l - a +0 robe (worn)
Scrolls
 f - 2 scrolls of identify {!r, unknown}
 g - a scroll of blinking {!r, unknown}
 i - 2 scrolls of remove curse {!r, unknown}
 j - 2 scrolls of fog {!r, unknown}
 k - a scroll of random uselessness {!r, unknown}
Comestibles
 c - 4 rations


   Skills:
 - Level 1.7 Dodging
 - Level 2.1 Stealth
 + Level 2.6 Spellcasting
 * Level 5.9 Ice Magic


You had 4 spell levels left.
You knew the following spells:

 Your Spells              Type           Power        Failure   Level  Hunger
a - Freeze                Ice            ##..         2%          1    ##.....
b - Frozen Ramparts       Ice            ##....       7%          3    ####...

Your spell library contained the following spells:

 Spells                   Type           Power        Failure   Level  Hunger
 Ozocubu's Armour         Chrm/Ice       #.......     24%         3    ####...
 Hailstorm                Conj/Ice       #.......     63%         4    #####..
 Summon Ice Beast         Ice/Summ       #.......     63%         4    #####..


Dungeon Overview and Level Annotations

Branches:
Dungeon (4/15)              Sewer (1/1)
 Temple: D:4-7

Altars:
Elyvilon
Okawaru
Qazlal
Yredelemnul

Annotations:
D:4 1 exclusion Sewer Purgy


Innate Abilities, Weirdness & Mutations

Your body is rotting away.
You thrive on raw meat.
You are immune to poison.
You have sharp fingernails.
You are carnivorous and can eat meat at any time.
Your flesh is cold resistant. (rC+)
You are immune to negative energy. (rN+++)
You do not regenerate when monsters are visible.
You are immune to unholy pain and torment.
You can survive without breathing.


Message History

The wall freezes the frilled lizard.
You kill the frilled lizard!
The wall freezes the frilled lizard.
You kill the frilled lizard!
The wall freezes Purgy.
The frilled lizard misses you.
The wall freezes Purgy.
Firing (i - inventory)
b - 57 stones (quivered)
Press: ? - help, Shift-Dir - straight line, f - Purgy
Aim: Purgy (lightly wounded)
Okay, then.
The wall freezes Purgy.
The wall freezes the frilled lizard.
The frilled lizard seems to slow down.
The frilled lizard barely misses you.
The wall freezes Purgy.
The wall freezes the frilled lizard.
You kill the frilled lizard!
The wall freezes Purgy.
Casting: Frozen Ramparts (quite dangerous; 7% risk of failure)
Confirm with . or Enter, or press ? or * to list all spells.
Aiming: Freeze (safe; 2% risk of failure)
Press: ? - help, Shift-Dir - straight line, f - Purgy
Aim: Purgy (moderately wounded)
You freeze Purgy.
Purgy is moderately wounded.
The wall freezes Purgy.
Purgy bites you! Purgy claws you but does no damage. Purgy misses you.
Casting: Freeze (safe; 2% risk of failure)
Confirm with . or Enter, or press ? or * to list all spells.
Aiming: Freeze (safe; 2% risk of failure)
Press: ? - help, Shift-Dir - straight line, f/p - Purgy
Aim: Purgy (heavily wounded)
You freeze Purgy.
Purgy is heavily wounded.
The frozen ramparts melt away.
Purgy bites you!
* * * LOW HITPOINT WARNING * * *
Purgy claws you.
* * * LOW HITPOINT WARNING * * *
Purgy claws you.
* * * LOW HITPOINT WARNING * * *
Unknown command.
Casting: Freeze (safe; 2% risk of failure)
Confirm with . or Enter, or press ? or * to list all spells.
Aiming: Freeze (safe; 2% risk of failure)
Press: ? - help, Shift-Dir - straight line, f/p - Purgy
Aim: Purgy (heavily wounded)
You freeze Purgy.
Purgy is severely wounded.
Purgy bites you.
* * * LOW HITPOINT WARNING * * *
Purgy claws you.
* * * LOW HITPOINT WARNING * * *
Purgy claws you.
* * * LOW HITPOINT WARNING * * *
Unknown command.
Okay, then.
Casting: Freeze (safe; 2% risk of failure)
Confirm with . or Enter, or press ? or * to list all spells.
Aiming: Freeze (safe; 2% risk of failure)
Press: ? - help, Shift-Dir - straight line, f/p - Purgy
Aim: Purgy (severely wounded)
You freeze Purgy.
Purgy is severely wounded.
Purgy hisses menacingly.
Purgy barely misses you. Purgy claws you.
You die...

≈≈≈≈≈≈≈≈≈≈≈≈≈≈≈#
≈≈≈≈≈≈≈≈≈≈≈≈≈≈≈###
≈≈≈≈≈≈≈≈≈≈≈≈≈≈≈#≈#
≈≈≈≈≈≈≈≈≈≈≈≈≈≈≈≈≈##
≈≈≈≈≈≈≈≈≈≈≈≈≈≈≈≈≈≈##
≈≈≈≈†≈≈†≈≈≈≈≈≈≈≈≈≈≈#
≈≈...###.≈≈≈≈≈≈≈≈≈≈##
≈.. #T#.≈≈≈≈≈≈≈≈≈## .
##@.≈.≈≈≈≈≈≈≈≈#
##...≈≈≈≈≈≈≈###
#####≈≈≈≈≈≈≈≈#
##.≈≈≈≈≈# #.≈≈≈≈≈≈#
#≈≈≈≈≈≈≈# ##≈≈≈≈≈≈≈#
###≈≈≈≈≈≈≈≈≈#
#.∩≈≈≈≈≈≈≈≈≈≈


You could see Purgy.

Vanquished Creatures
  Jessica (D:2)
  4 adders
  A dart slug (D:2)
  5 bats
  2 giant cockroaches
  5 goblins
  A hobgoblin (D:2)
  5 kobolds
  A quokka (D:2)
  2 ball pythons
  5 frilled lizards
  A hobgoblin zombie (D:4)
  A kobold zombie (D:4)
  2 orc zombies (D:4)
  3 rats
39 creatures vanquished.

Notes
Turn   | Place    | Note
-------+----------+-------------------------------------------
     0 | D:1      | Amnesiac the Ghoul Ice Elementalist began the quest for the
                  | Orb.
     0 | D:1      | Reached XP level 1. HP: 14/14 MP: 2/2
   117 | D:1      | Reached XP level 2. HP: 19/20 MP: 1/3
   197 | D:2      | Reached skill level 5 in Ice Magic
   299 | D:2      | Reached XP level 3. HP: 26/26 MP: 2/5
   309 | D:2      | Learned a level 3 spell: Frozen Ramparts
   528 | D:2      | Noticed Jessica
   536 | D:2      | Killed Jessica
   536 | D:2      | Reached XP level 4. HP: 30/33 MP: 2/6
   741 | D:4      | Found a glowing drain.
   855 | D:4      | Found a basalt altar of Yredelemnul.
   855 | D:4      | Found a stormy altar of Qazlal.
   855 | D:4      | Found an iron altar of Okawaru.
   868 | D:4      | Found a white marble altar of Elyvilon.
  1216 | Sewer    | Entered a sewer
  1235 | Sewer    | Noticed Purgy
  1254 | Sewer    | Slain by Purgy

Levels and vault maps discovered:
D:1:      ldierk_water_garden, layout_basic, minmay_vboxes
D:2:      layout_basic, uniq_natasha, uniq_jessica
D:3:      layout_basic, bloody_trog
D:4:      layout_cave_pods, lemuel_crystal_altar,
          gammafunk_temple_overflow_forgotten, portal_sewer_entry_d,
          minmay_mini_ossuary
Sewer:    sewer_co_purgy_island

Skill      XL: |  1  2 |
---------------+-------+-----
Spellcasting   | 2 |  2.6
Ice Magic      | 5 |  5.9
Dodging        | |  1.7
Stealth        | |  2.1

Action                   |  1- 3 |  4- 6 || total
-------------------------+-------+-------++-------
Melee: Unarmed           |    32 |     1 ||    33
       Mace              |       |     4 ||     4
 Fire: Hunting sling     |       |    17 ||    17
 Cast: Freeze            |    28 |    14 ||    42
       Frozen Ramparts   |       |     2 ||     2
 Stab: Sleeping          |     2 |       ||     2
  Eat: Chunk             |     3 |       ||     3
Armor: Robe              |    15 |     2 ||    17
Dodge: Dodged            |    36 |    17 ||    53

Table legend:
 A = Non-vault XP
 B = Vault XP
 C = Vault XP percentage of total XP
 D = Non-vault monster count
 E = Vault monster count
 F = Vault count percentage of total count
                 A         B        C        D         E       F
            +---------+---------+-------+---------+---------+-------
      Total |      81 |      59 |  42.1 |      29 |      10 |  25.6
            +---------+---------+-------+---------+---------+-------
        D:1 |      11 |       0 |   0.0 |       7 |       0 |   0.0
        D:2 |      52 |      37 |  41.6 |      17 |       1 |   5.6
        D:3 |      18 |       0 |   0.0 |       5 |       0 |   0.0
        D:4 |       0 |      18 | 100.0 |       0 |       5 | 100.0
      Sewer |       0 |       4 | 100.0 |       0 |       4 | 100.0
            +---------+---------+-------+---------+---------+-------
